 Dungeon Crawl Stone Soup version 0.14.2 (webtiles) character file.

2637 KristoblXynda the Cleaver (level 9, -3/97 HPs)
             Began as a Demonspawn Berserker on June 17, 2022.
             Was an Elder of Trog.
             Slain by an orc warrior
             ... wielding a +2,+2 short sword
              (11 damage)
             ... on Level 8 of the Dungeon.
             The game lasted 00:12:58 (5374 turns).

KristoblXynda the Cleaver (Demonspawn Berserker)    Turns: 5374, Time: 00:12:58

HP  -3/97        AC 17     Str 25      XL: 9   Next: 22%
MP   9/9         EV  8     Int  8      God: Trog [****..]
Gold 250         SH  0     Dex 16 (18) Spells:  0 memorised,  8 levels left

rFire  . . .     SeeInvis .     o - +1 war axe
rCold  + + +     Rnd*Rage +     b - +3 chain mail {rC+}
rNeg   . . .     Conserve .     (no shield)
rPois  .         rCorr    .     (no helmet)
rElec  .         rRot     .     j - +0 cloak
SustAb . .       Spirit   .     (no gloves)
rMut   +         Warding  .     (no boots)
Saprov . . .     Stasis   .     q - amulet of resist mutation
MR     ++...                    y - ring of protection from cold {unknown}
                                n - +3 ring of protection

@: regenerating, berserking, very quick, very resistant to hostile enchantments,
extremely unstealthy
A: thin skeletal structure 2, berserk 1, cold resistance 1, conserve potions,
powered by pain 2
a: Burn Spellbooks, Berserk, Trog's Hand, Brothers in Arms, Renounce Religion


You were on level 8 of the Dungeon.
You worshipped Trog.
Trog was greatly pleased with you.
You were hungry.

You visited 1 branch of the dungeon, and saw 6 of its levels.

You collected 250 gold pieces.

Inventory:

Hand weapons
 o - a +1,+1 war axe (weapon)
 t - a +0,+0 battleaxe
Armour
 b - a +3 chain mail of cold resistance (worn)
 j - a +0 cloak (worn)
Magical devices
 r - a wand of hasting (3)
 A - a wand of draining (3)
Comestibles
 a - an apple
 c - 3 bread rations
 d - 4 rotting chunks of orc flesh
 f - 3 meat rations
 i - a chunk of ogre flesh
Scrolls
 e - 2 scrolls of magic mapping
 l - 3 scrolls of remove curse
 p - a scroll of enchant weapon II
Jewellery
 n - a +3 ring of protection (left hand)
 q - an amulet of resist mutation (around neck)
 y - a ring of protection from cold (right hand) {unknown}
Potions
 g - a potion of lignification
 h - a potion of invisibility
 m - a potion of curing
 s - a potion of mutation


   Skills:
 - Level 4.0 Fighting
 * Level 8.2 Axes
 + Level 5.8 Armour
 + Level 5.9 Dodging


You had 8 spell levels left.
You didn't know any spells.

Dungeon Overview and Level Annotations

Branches:
Dungeon (8/15)             Temple (0/1) D:4
   Lair: D:8-11

Altars:
Trog
Zin
The Shining One

Shops:
D:4 :   D:8 [


Innate Abilities, Weirdness & Mutations

You have a moderately thin skeletal structure (Dex +4, Stealth+).
Your flesh is cold resistant.
You are very good at protecting items from cold.
You sometimes gain power by taking damage.
You tend to lose your temper in combat.


Message History

You hit the orc warrior but do no damage.
The orc warrior is lightly wounded.
You slice the gnoll!!
You kill the gnoll!
Trog accepts your kill.
You slash the orc!
The orc is almost dead.
The orc warrior hits you with a short sword!
* * * LOW HITPOINT WARNING * * *
You barely miss the orc warrior.
The orc warrior is lightly wounded.
You closely miss the orc. You slash the orc!
You kill the orc!
Trog accepts your kill. The orc hits you but does no damage.
Unknown command.
You completely miss the orc. You slash the orc warrior!
The orc warrior is moderately wounded.
The orc warrior hits you with a short sword!
You die...

... ##
P.....#
.##
P.....#.
..#
.....#'#
.##
.........
.##
#?.......
..#
#......P.
.##
#)o....#
## #@o##
#...# #
### #.|.#
###.##
#)..#
.#...#
#)###
....##
##(.#
.....#
##..>#
.....#
#..###
..#.##
##..#


You could see an orc warrior and an orc.

Vanquished Creatures
  The ghost of KristoblXynda the Ducker, an experienced TrWz of Ashenzari (D:5)
  Eustachio (D:4)
  A sky beast (D:5)
  3 ogres
  3 orc warriors (D:8)
  An ice beast (D:5)
  2 centaurs (D:8)
  A crocodile (D:8)
  A giant frog (D:8)
  A big kobold (D:8)
  A scorpion (D:8)
  4 orc priests (D:8)
  A quasit (D:8)
  A gnoll shaman (D:8)
  2 crimson imps (D:5)
  2 hounds
  5 orc wizards
  Natasha (thrice) (D:3)
  An iguana (D:8)
  A worker ant (D:4)
  An ogre zombie (D:8)
  A hound skeleton (D:4)
  Terence (D:2)
  8 adders
  7 gnolls
  A white imp (D:4)
  A giant eyeball (D:4)
  2 giant geckos
  An ooze (D:2)
  30 orcs
  2 ball pythons (D:2)
  12 bats
  4 giant cockroaches
  12 hobgoblins
  4 quokkas
  4 giant newts
  10 goblins
  2 jackals (D:2)
  11 kobolds
  7 rats
157 creatures vanquished.

Vanquished Creatures (others)
  A fungus (D:8)
  4 plants (D:8)
5 creatures vanquished.

Grand Total: 162 creatures vanquished

Notes
Turn   | Place    | Note
--------------------------------------------------------------
     0 | D:1      | KristoblXynda, the Demonspawn Berserker, began the quest for the Orb.
     0 | D:1      | Reached XP level 1. HP: 18/18 MP: 1/1
   275 | D:1      | Gained mutation: Your flesh is cold resistant. [demonic ancestry]
   275 | D:1      | Reached XP level 2. HP: 21/24 MP: 2/2
   934 | D:1      | Gained mutation: You sometimes gain a little power by taking damage. [demonic ancestry]
   934 | D:1      | Reached XP level 3. HP: 20/29 MP: 3/3
  1123 | D:2      | Noticed Terence
  1143 | D:1      | Acquired Trog's second power
  1208 | D:2      | Gained mutation: You have a somewhat thin skeletal structure (Dex +2, Stealth). [demonic ancestry]
  1208 | D:2      | Reached XP level 4. HP: 15/35 MP: 4/4
  1243 | D:2      | Gained mutation: Your vision is a little blurry. [potion of mutation]
  1243 | D:2      | Gained mutation: You tend to lose your temper in combat. [potion of mutation]
  1243 | D:2      | Lost mutation: Your vision is a little blurry. [potion of mutation]
  1695 | D:2      | Killed Terence
  1813 | D:2      | Reached XP level 5. HP: 22/42 MP: 5/5
  2252 | D:3      | Noticed Natasha
  2272 | D:3      | Killed Natasha
  2527 | D:3      | Reached skill level 4 in Fighting
  2672 | D:3      | Found a glowing silver altar of Zin.
  2672 | D:3      | Noticed an angel
  2734 | D:3      | Noticed Natasha
  2739 | D:3      | Killed Natasha
  2859 | D:3      | Noticed Natasha
  2863 | D:3      | Killed Natasha
  2979 | D:4      | Found a bloodstained altar of Trog.
  3017 | D:4      | Found Oraempa's Book Boutique.
  3113 | D:4      | Noticed an ogre
  3122 | D:4      | Killed an ogre
  3122 | D:4      | Reached XP level 6. HP: 48/48 MP: 6/6
  3411 | D:4      | Paralysed by a giant eyeball for 2 turns
  3415 | D:4      | Paralysed by a giant eyeball for 4 turns
  3620 | D:4      | Found a staircase to the Ecumenical Temple.
  3940 | D:4      | Noticed Eustachio
  3964 | D:4      | Killed Eustachio
  3964 | D:4      | Reached skill level 5 in Axes
  3964 | D:4      | Gained mutation: You have a moderately thin skeletal structure (Dex +4, Stealth+). [demonic ancestry]
  3964 | D:4      | Reached XP level 7. HP: 48/54 MP: 7/7
  4282 | D:5      | Entered Level 5 of the Dungeon
  4293 | D:5      | Noticed KristoblXynda's ghost (experienced TrWz)
  4333 | D:5      | Killed KristoblXynda's ghost
  4333 | D:5      | Reached skill level 6 in Axes
  4333 | D:5      | Gained mutation: You are very good at protecting items from cold. [demonic ancestry]
  4333 | D:5      | Reached XP level 8. HP: 60/60 MP: 8/8
  4450 | D:5      | You fall through a shaft for 3 floors!
  4644 | D:8      | Found Cligy's Antique Armour Shoppe.
  4673 | D:8      | Found a glowing golden altar of the Shining One.
  4677 | D:8      | Reached skill level 5 in Armour
  4680 | D:8      | Reached skill level 7 in Axes
  4680 | D:8      | Reached skill level 5 in Dodging
  4868 | D:8      | Acquired Trog's third power
  5267 | D:8      | Gained mutation: You sometimes gain power by taking damage. [demonic ancestry]
  5267 | D:8      | Reached XP level 9. HP: 58/65 MP: 9/9
  5282 | D:8      | Reached skill level 8 in Axes
  5374 | D:8      | Slain by an orc warrior

Action                   |  1- 3 |  4- 6 |  7- 9 || total
-------------------------+-------+-------+-------++-------
Melee: Hand axe          |   101 |   147 |       ||   248
       War axe           |       |   145 |   176 ||   321
Invok: Berserk           |     2 |     4 |     8 ||    14
       Trog's Hand       |       |     1 |     2 ||     3
Evoke: Wand              |       |     1 |     3 ||     4
  Use: Scroll            |       |     8 |     8 ||    16
       Potion            |       |     7 |     1 ||     8
